 Dungeon Crawl Stone Soup version 0.26.1-11-gd32895ea62 (webtiles) character file.

Game seed: 11829484166149524711

337 Zeld the Twirler (level 6, 0/39 HPs)
             Began as an Octopode Gladiator on May 19, 2021.
             Was an Initiate of Uskayaw.
             Slain by a phantom (6 damage)
             ... on level 4 of the Dungeon.
             The game lasted 00:04:47 (4134 turns).

Zeld the Twirler (Octopode Gladiator)               Turns: 4134, Time: 00:04:47

Health: 0/39       AC:  1    Str: 13    XL:     6   Next: 54%
Magic:  3/6        EV: 14    Int: 11    God:    Uskayaw [......]
Gold:   174        SH:  0    Dex: 15    Spells: 5/5 levels left

rFire    + . .     SeeInvis .   a - +0 quarterstaff
rCold    . . .     Faith    .   (shield currently unavailable)
rNeg     . . .     Spirit   .   b - +0 hat
rPois    .         Reflect  .   (no amulet)
rElec    .         Harm     .   q - ring of protection from fire
rCorr    .         Rampage  .   (no ring)
Will     .....                  (no ring)
Stlth    ++........             (no ring)
HPRegen  0.13/turn              (no ring)
MPRegen  0.10/turn              (no ring)
                                (no ring)
                                (no ring)

@: no status effects
A: almost no armour, stealthy swim, amphibious, 8 rings, constrict 8, camouflage
1, gelatinous body 1
a: Renounce Religion


You were on level 4 of the Dungeon.
You worshipped Uskayaw.
Uskayaw was noncommittal.
You visited 1 branch of the dungeon, and saw 4 of its levels.

You collected 174 gold pieces.

Inventory:

Hand Weapons
 a - a +0 quarterstaff (weapon)
Missiles
 c - 3 throwing nets
 g - 12 boomerangs (quivered)
Armour
 b - a +0 hat (worn)
Jewellery
 q - a ring of protection from fire (left tentacle)
 v - an uncursed ring of protection from cold {unknown}
Scrolls
 d - 3 scrolls of identify {unknown}
 i - a scroll of enchant armour {unknown}
 j - 2 scrolls of teleportation {unknown}
 k - 2 scrolls of remove curse {unknown}
 l - 2 scrolls of enchant weapon {unknown}
 r - a scroll of amnesia {unknown}
 s - a scroll of immolation {unknown}
 t - a scroll of fear {unknown}
Potions
 e - a potion of ambrosia
 f - 3 potions of curing {unknown}
 h - a potion of degeneration {unknown}
 m - a potion of invisibility {unknown}
 n - 2 potions of flight {unknown}
 o - 2 potions of lignification {unknown}
 p - a potion of mutation {unknown}
 u - a potion of heal wounds {unknown}
 w - a potion of magic {unknown}


   Skills:
 - Level 2.0 Fighting
 * Level 5.4 Staves
 * Level 4.9 Throwing
 - Level 3.0 Dodging


You had 5 spell levels left.
You didn't know any spells.
Your spell library was empty.

Dungeon Overview and Level Annotations

Branches:
Dungeon (4/15)
 Temple: D:4-7

Altars:
Ashenzari
Uskayaw


Innate Abilities, Weirdness & Mutations

You cannot wear most types of armour.
You are very stealthy in the water. (Stealth+)
You are amphibious.
You can wear up to eight rings at the same time.
You can use your tentacles to constrict eight enemies at once.
Your skin changes colour to match your surroundings (Stealth+).
Your rubbery body absorbs attacks. (AC +1, EV +1)


Message History

The phantom is severely damaged.
The phantom hits you!
You are too injured to fight recklessly!
You closely miss the phantom.
The phantom is severely damaged.
The phantom hits you!
* * * LOW HITPOINT WARNING * * *
The phantom blinks!
The phantom blinks!
The phantom blinks!
You can no longer pass through a line of other dancers.
You aren't carrying any items that you can evoke.
Okay, then.
Okay, then.
The phantom blinks!
You stomp with the beat, sending a shockwave through the revellers around you!
The phantom is severely damaged.
You can no longer stomp with the beat.
The phantom hits you.
You die...

...........# #.##
...........# ### #####.##
.########....#..###..##..###
.# ....#.............# .#
...#......W......# .#
..#..###'######## ##
#..###..##....
#.$...........
#.W@..........
#.............
#..$.(........
#.............
#..###..###... #+# #### ###


You could see a phantom.

Vanquished Creatures
  A sky beast (D:3)
  A bullfrog (D:4)
  An orc priest (D:3)
  A worker ant (D:4)
  4 adders
  An ooze (D:1)
  An adder skeleton (D:4)
  3 worms (D:3)
  3 dart slugs
  3 leopard geckos
  5 orcs (D:3)
  A ball python (D:2)
  5 bats
  A giant cockroach (D:4)
  6 goblins
  10 hobgoblins
  2 quokkas
  3 frilled lizards
  7 kobolds
  15 rats
74 creatures vanquished.

Notes
Turn   | Place    | Note
-------+----------+-------------------------------------------
     0 | D:1      | Zeld the Octopode Gladiator began the quest for the Orb.
     0 | D:1      | Reached XP level 1. HP: 14/14 MP: 1/1
   304 | D:1      | Reached XP level 2. HP: 19/19 MP: 2/2
   898 | D:1      | Reached XP level 3. HP: 21/24 MP: 3/3
  1516 | D:2      | Found a broken altar of Ashenzari.
  1723 | D:2      | Found a faded altar of an unknown god.
  1942 | D:2      | Reached XP level 4. HP: 29/29 MP: 4/4
  1965 | D:2      | Reached skill level 4 in Staves
  2289 | D:3      | Noticed a sky beast
  2941 | D:3      | Reached XP level 5. HP: 29/34 MP: 5/5
  2943 | D:3      | Found a hide-covered altar of Uskayaw.
  2961 | D:3      | Became a worshipper of Uskayaw the Reveller
  3535 | D:3      | Reached * piety under Uskayaw
  3608 | D:3      | Reached ** piety under Uskayaw
  3609 | D:3      | Killed a sky beast
  3610 | D:3      | Reached skill level 5 in Staves
  3610 | D:3      | Reached XP level 6. HP: 21/39 MP: 6/6
  4111 | D:4      | Noticed a phantom
  4134 | D:4      | Slain by a phantom

Illustrated notes

Levels and vault maps discovered:
D:1:      ncdulo_wetmaze, layout_basic
D:2:      layout_loops_ring, ashenzari_conservatory_becter,
          chequers_ecumenical_altar_grove, amethyst_killhole,
          minmay_rat_gold_closets
D:3:      layout_basic, nicolae_overflow_crystal_walls
D:4:      layout_gridville, minmay_manual_mail

Skill      XL: |  1  2  3  4  5 |
---------------+----------------+-----
Throwing       | 3 4 |  4.9
Staves         | 4 5 |  5.4
Fighting       | |  2.0
Dodging        | |  3.0

Action                   |  1- 3 |  4- 6 || total
-------------------------+-------+-------++-------
Melee: Quarterstaff      |    68 |    85 ||   153
       Tentacles         |    10 |    12 ||    22
       Constrict         |    16 |    21 ||    37
Invok: Stomp             |       |     1 ||     1
  Use: Potion            |       |     1 ||     1
 Stab: Distracted        |     1 |       ||     1
       Sleeping          |     9 |     8 ||    17
Armor: Skin              |     2 |     1 ||     3
Dodge: Dodged            |    36 |    54 ||    90
